 Dungeon Sprint DCSS version 0.26-a0-1026-g544776af23 (webtiles) character file.

Game seed: 15813423598415946387

0 sahdkjhfkaj the Chiller (level 1, -2/14 HPs)
             Began as a Draconian Ice Elementalist on Dec 9, 2020.
             Was an Initiate of Sif Muna.
             Slain by a deep elf archer
             ... wielding a +0 short sword
              (12 damage)
             ... in the Dungeon (Sprint V: "Ziggurat Sprint").
             The game lasted 00:00:23 (75 turns).

sahdkjhfkaj the Chiller (Draconian Ice Elementalist)  Turns: 75, Time: 00:00:24

Health: -2/14      AC:  4    Str: 10    XL:     1   Next: 0%
Magic:  3/3        EV: 12    Int: 27    God:    Sif Muna [......]
Gold:   0          SH:  0    Dex: 11    Spells: 3/4 levels left

rFire    + . .     SeeInvis .   B - +7 Screaming Sword {vorpal, sonic wave}
rCold    + . .     Faith    .   (no shield)
rNeg     . . .     Spirit   .   (armour unavailable)
rPois    +         Reflect  .   (helmet restricted)
rElec    +         Harm     .   (no cloak)
rCorr    +         Rampage  .   (no gloves)
Will     .....     NoTele   +   (no boots)
Stlth    ++........             (no amulet)
HPRegen  0.04/turn              T - +6 ring of intelligence
MPRegen  0.08/turn              t - +6 ring of intelligence

@: mighty, resistant, very slightly contaminated, hasted, invisible, very quick
A: unfitting armour, cold-blooded, AC +4
a: Renounce Religion


You were in the Dungeon.
You worshipped Sif Muna.
Sif Muna was noncommittal.
You visited 1 branch

Inventory:

Hand Weapons
 B - the +7 Screaming Sword (weapon) {vorpal, sonic wave}
   (You found it in the Dungeon)

   It inflicts extra damage upon your enemies.
Jewellery
 r - an uncursed ring of flight
 s - a +6 ring of dexterity
 t - a +6 ring of intelligence (right hand)
 u - a +6 ring of dexterity
 v - a +6 ring of strength
 w - a +6 ring of strength
 T - a +6 ring of intelligence (left hand)
Wands
 x - a wand of disintegration (7)
 y - a wand of iceblast (7) {@v4}
 z - a wand of acid (7) {@v2}
Scrolls
 g - 4 scrolls of blinking {@r4}
 l - 4 scrolls of amnesia
 m - 7 scrolls of fog
 n - a scroll of holy word
 o - 5 scrolls of identify {@r1}
 p - 5 scrolls of remove curse {@r2}
 q - 2 scrolls of fear
Potions
 a - 2 potions of brilliance
 b - 10 potions of curing {@q1}
 c - 10 potions of heal wounds {@q2}
 d - 5 potions of haste {@q3}
 e - 7 potions of magic
 f - 3 potions of berserk rage
 h - a potion of invisibility
 i - 3 potions of resistance {@q6}
 j - a potion of experience
 k - 4 potions of might {@q4}
Miscellaneous
 A - a lightning rod (4/4)


   Skills:
 - Level 1.7 Dodging
 - Level 1.7 Stealth
 + Level 2.0 Spellcasting
 * Level 4.0 Ice Magic


You had 3 spell levels left.
You knew the following spells:

 Your Spells              Type           Power        Failure   Level
a - Freeze                Ice            ###.         1%          1

Your spell library contained the following spells:

 Spells                   Type           Power        Failure   Level
 Frozen Ramparts          Ice            ###...       5%          3
 Ozocubu's Armour         Ice            ###.....     5%          3
 Hailstorm                Conj/Ice       ##......     38%         4
 Summon Ice Beast         Ice/Summ       ##......     38%         4


Dungeon Overview and Level Annotations

Branches:
Dungeon (1/1)

Altars:
Ashenzari
Cheibriados
Dithmenos
Elyvilon
Fedhas
Gozag
Hepliaklqana
Kikubaaqudgha
Makhleb
Nemelex Xobeh
Okawaru
Qazlal
Ru
Sif Muna
Trog
Uskayaw
Vehumet
Wu Jian
Xom
Yredelemnul
Zin
The Shining One
Beogh
Jiyva
Lugonu

Annotations:
D 1 transporter


Innate Abilities, Weirdness & Mutations

Your plain brown scales are hard. (AC +4)
You cannot fit into any form of body armour.
You are cold-blooded and may be slowed by cold attacks.


Message History

Found the +8 demon trident "Rift" {distort, reach+} and a book of Debilitation.
Found a transporter.
Unknown command.
Unknown command.
Unknown command.
The helpless fire elemental fails to defend itself.
You slice the fire elemental!!
The fire elemental is severely damaged.
The fire elemental hits you. The fire elemental burns you! You resist.
Unknown command.
You hit the fire elemental.
The Singing Sword yells, "LET'S END THEIR MISERABLE LIVES!"
You send a blast of sound all around you.
The fire elemental and the deep elf archer are blasted.
You destroy the fire elemental!
Sif Muna accepts your kill.
The deep elf archer is severely wounded.
The deep elf archer hits you with a +0 short sword!
Ouch! That really hurt!
You die...

▓▓▓▓▓▓▓
▓.8©8.▓
▓.....▓
▓.:.e.▓
▓..@..▓
▓.....▓
▓..©..▓
▓▓▓▓▓▓▓


You could see a deep elf archer (repels missiles).

Vanquished Creatures
  A fire elemental (D)
1 creature vanquished.

Notes
Turn   | Place    | Note
-------+----------+-------------------------------------------
     0 | D        | sahdkjhfkaj the Draconian Ice Elementalist began the quest
                  | for the Orb.
     0 | D        | Reached XP level 1. HP: 14/14 MP: 3/3
     0 | D        | Found a shimmering blue altar of Sif Muna.
     0 | D        | Found a sacrificial altar of Ru.
     0 | D        | Found a bloodstained altar of Trog.
     0 | D        | Found a stormy altar of Qazlal.
     0 | D        | Found an iron altar of Okawaru.
     0 | D        | Found a sparkling altar of Nemelex Xobeh.
     0 | D        | Found a blossoming altar of Fedhas.
     1 | D        | Found the +6 Majin-Bo {vamp, MP+6 Int+6}
     1 | D        | Found the +9 heavy crossbow "Sniper" {vorpal, Acc+∞ SInv}
     1 | D        | Found the +10 dark maul {vorpal}
     1 | D        | Found the +15 Maxwell's patent armour {-Cast -Tele rElec
                  | Will+ rCorr}
     1 | D        | Found the +18 shield of the Gong {rElec rN+ Will+ EV-5}
     1 | D        | Found the cursed +14 obsidian axe {vorpal, +Fly SInv
                  | *Curse}
     1 | D        | Found the +7 great mace "Firestarter" {inner flame, rF++}
     1 | D        | Found the +6 shillelagh "Devastator" {shatter}
     1 | D        | Found the +11 plutonium sword {*Contam Stlth-}
     1 | D        | Found the +8 lance "Wyrmbane" {slay drac, rPois rF+ rC+
                  | AC+3}
     1 | D        | Found the +9 sword of Zonguldrok {reap}
     1 | D        | Found the cursed +13 scythe of Curses {drain, *Curse}
     1 | D        | Found the +0 sword of Power
     1 | D        | Found the +7 mace of Variability {chain chaos}
     1 | D        | Found the +7 Singing Sword {vorpal, sonic wave}
     1 | D        | Found the +8 storm bow {elec, penet}
     2 | D        | Found a transporter.
     2 | D        | Found an ancient bone altar of Kikubaaqudgha.
     2 | D        | Found a viscous altar of Jiyva.
     2 | D        | Found a corrupted altar of Lugonu.
     2 | D        | Found a hazy altar of Hepliaklqana.
     2 | D        | Found a burning altar of Makhleb.
     2 | D        | Found an opulent altar of Gozag.
    56 | D        | Became a worshipper of Sif Muna the Loreminder
    71 | D        | Entered arena 2.
    71 | D        | Noticed a fire elemental
    71 | D        | Noticed a deep elf archer
    71 | D        | Found a transporter.
    72 | D        | Found the +8 demon trident "Rift" {distort, reach+}
    75 | D        | Killed a fire elemental
    75 | D        | Slain by a deep elf archer

Illustrated notes

Levels and vault maps discovered:
D:        sprint_v [room_start, room_1, room_2, room_3, room_4, room_5, room_6,
          room_7, room_8, room_9, room_10, room_11, room_12, room_13, room_14,
          room_15, room_16, room_17, room_18, room_19, room_20, room_21,
          room_22, room_23, room_24, room_25, room_26, room_27]

Action                   || total
-------------------------++-------
Melee: Double sword      ||     2
  Use: Potion            ||     4
 Stab: Sleeping          ||     1
Armor: Skin              ||     1

Table legend: (Time is in decaauts)
 A = Elapsed time spent in this place.
 B = Non-inter-level travel time spent in this place.
 C = Inter-level travel time spent in this place.
 D = Time resting spent in this place.
 E = Time spent auto-exploring this place.
 F = Levels seen in this place.
 G = Mean time per level.
                   A        B        C        D        E       F      G
               +--------+--------+--------+--------+--------+-----+--------+
         Total |     71 |     71 |      0 |      0 |     21 |   1 |   71.0 |
       Dungeon |     71 |     71 |      0 |      0 |     21 |   1 |   71.0 |
               +--------+--------+--------+--------+--------+-----+--------+

Top non-repeatable levels by time:
       D: 71 daAuts
